 Dungeon Crawl Stone Soup version 0.30-a0-743-gbfdf073431 (webtiles) character file.

Game seed: 92255234856535939

12418 karrick the Cleaver (level 11, -14/72 HPs)
             Began as a Gargoyle Fighter on Feb 5, 2023.
             Was a High Priest of Okawaru.
             Demolished by a centaur warrior simulacrum (22 damage)
             ... on level 12 of the Dungeon.
             The game lasted 00:29:43 (10645 turns).

karrick the Cleaver (Gargoyle Fighter)             Turns: 10645, Time: 00:29:44

Health: -14/72     AC: 25    Str: 20    XL:     11   Next: 93%
Magic:  11/11      EV:  9    Int:  9    God:    Okawaru [*****.]
Gold:   482        SH: 11    Dex: 13    Spells: 10/10 levels left

rFire   + . .      SeeInvis .    K - +4 hand axe (heavy)
rCold   . . .      Faith    .    c - +0 buckler
rNeg    + . .      Spirit   .    k - +3 scale mail
rPois   ∞          Reflect  +    O - +0 helmet
rElec   +          Harm     .    (no cloak)
rCorr   .          Rampage  .    q - +2 pair of gloves of an ossuary {rF+ Slay+2}
Will    .....                    j - +0 pair of boots
Stlth   +                        d - amulet of reflection
HPRegen 0.32/turn                (no ring)
MPRegen 0.12/turn                (no ring)

@: no status effects
A: sickness immunity, AC +8, negative energy resistance 1, electricity
resistance, torment resistance 1, petrification resistance
a: Renounce Religion, Heroism, Finesse, Duel


You were on level 12 of the Dungeon.
You worshipped Okawaru.
Okawaru was extremely pleased with you.
You visited 2 branches of the dungeon, and saw 13 of its levels.
You also visited: Ossuary.

You collected 615 gold pieces.
You spent 133 gold pieces at shops.

Inventory:

Hand Weapons
 K - a +4 heavy hand axe (weapon)
Missiles
 N - 2 throwing nets (quivered)
Armour
 b - a +0 scale mail
 c - a +0 buckler (worn)
 f - an orb of light
 j - a +0 pair of boots (worn)
 k - a +3 scale mail (worn)
 m - a +0 pair of gloves
 n - a +1 chain mail of cold resistance
 q - the +2 pair of gloves of an ossuary (worn) {rF+ Slay+2}
   (You found it on level 3 of the Dungeon)

   Slay:      It affects your accuracy & damage with ranged weapons and melee
   (+2).
   rF:        It protects you from fire.
 I - a +1 ring mail of cold resistance
 L - +0 steam dragon scales
 O - a +0 helmet (worn)
Jewellery
 d - an amulet of reflection (around neck)
Wands
 H - a wand of polymorph (15)
 M - a wand of mindburst (20)
Scrolls
 g - 9 scrolls of identify
 i - 8 scrolls of noise
 l - a scroll of blinking
 o - 3 scrolls of poison
 v - 3 scrolls of enchant armour
 y - 2 scrolls of immolation
 z - 4 scrolls of enchant weapon
 B - a scroll of butterflies {unknown}
 C - a scroll of fog {unknown}
 F - 2 scrolls of magic mapping {unknown}
 G - 3 scrolls of vulnerability
 J - 2 scrolls of brand weapon {unknown}
Potions
 a - a potion of berserk rage {unknown}
 e - 2 potions of cancellation {unknown}
 h - 3 potions of curing
 p - 2 potions of haste
 r - 6 potions of degeneration
 s - a potion of brilliance {unknown}
 t - 4 potions of attraction
 u - 5 potions of lignification
 w - 2 potions of magic
 x - 3 potions of flight {unknown}
 A - 3 potions of mutation
 D - a potion of ambrosia {unknown}


   Skills:
 + Level 9.8 Fighting
 + Level 12.1 Axes
 + Level 9.4 Armour
 + Level 3.3 Stealth
 + Level 7.5 Shields
 + Level 0.2 Unarmed Combat
 + Level 1.2 Invocations


You had 10 spell levels left.
You didn't know any spells.
Your spell library contained the following spells:

 Spells                   Type           Power      Damage    Failure   Level
 Magic Dart               Conj           0%         1d3       77%         1
 Necrotise                Necr           0%         1d4       77%         1
 Blink                    Tloc           0%         N/A       88%         2
 Ensorcelled Hibernation  Hex/Ice        0%         N/A       88%         2
 Lesser Beckoning         Tloc           0%         N/A       88%         2
 Momentum Strike          Conj/Tloc      0%         3d8       88%         2
 Passwall                 Tmut/Erth      0%         N/A       88%         2
 Mephitic Cloud           Conj/Pois/Air  0%         N/A       98%         3
 Spider Form              Tmut/Pois      0%         N/A       98%         3
 Swiftness                Air            0%         N/A       98%         3
 Vampiric Draining        Necr           0%         2d6       98%         3
 Anguish                  Hex/Necr       0%         N/A       100%        4
 Petrify                  Tmut/Erth      0%         N/A       100%        4
 Agony                    Necr           0%         N/A       100%        5
 Irradiate                Conj/Tmut      0%         3d11      100%        5
 Call Imp                 Summ           Unusable   N/A       N/A         2
 Sublimation of Blood     Necr           Unusable   N/A       N/A         2

Dungeon Overview and Level Annotations

Branches:
Dungeon (12/15)            Temple (1/1) D:6         Ossuary (visited)
   Lair: D:8-11         Orc: D:9-12

Altars:
Ashenzari
Cheibriados
Dithmenos
Elyvilon
Fedhas
Gozag
Hepliaklqana
Kikubaaqudgha
Makhleb
Nemelex Xobeh
Okawaru
Qazlal
Ru
Sif Muna
Trog
Uskayaw
Vehumet
Wu Jian
Xom
Yredelemnul
Zin
The Shining One

Shops:
D:5 *


Innate Abilities, Weirdness & Mutations

You are immune to sickness and miasma.
Your stone body is resilient. (AC +8)
You are immune to poison.
You resist negative energy. (rN+)
You are resistant to electric shocks. (rElec)
You are resistant to unholy torment.
You are immune to petrification.


Message History

The white imp shouts!
A centaur warrior simulacrum comes into view. x2
The white imp grins evilly.
You slice the electric eel!!
You kill the electric eel!
Okawaru accepts your kill.
You hear a splash.
The white imp shouts, "Leave, thou bawdy doghearted beggar!"
You slash the centaur warrior simulacrum!
The centaur warrior simulacrum is moderately damaged.
You block the centaur warrior simulacrum's attack.
The centaur warrior simulacrum kicks you but does no damage.
You slash the centaur warrior simulacrum!
The centaur warrior simulacrum is severely damaged.
You block the centaur warrior simulacrum's attack.
The centaur warrior simulacrum kicks you.
The centaur warrior simulacrum freezes you!!
You completely miss the centaur warrior simulacrum.
The centaur warrior simulacrum is severely damaged.
You hit the white imp.
The centaur warrior simulacrum hits you.
The centaur warrior simulacrum freezes you!
The centaur warrior simulacrum completely misses you.
You block the centaur warrior simulacrum's attack. x2
The white imp hits you but does no damage.
You are too injured to fight recklessly!
You are too injured to fight recklessly!
The centaur warrior simulacrum attacks as you move away!
You block the centaur warrior simulacrum's attack.
The centaur warrior simulacrum kicks you.
The centaur warrior simulacrum freezes you!!
* * * LOW HITPOINT WARNING * * *
The white imp attacks as you move away! You block the white imp's attack.
As you read the scroll of fear, it crumbles to dust.
You assume a fearsome visage.
The white imp looks frightened!
The centaur warrior simulacrum is unaffected. x2
The centaur warrior simulacrum hits you.
* * * LOW HITPOINT WARNING * * *
The centaur warrior simulacrum freezes you!!
You die...

#.....+ #.....#
#.....######
#......^...#
#..........#
#..<.......#
#..........#
#..........#
#......@...#
########Z..##
.......5...# .
..........~#....
.........≈≈≈....
.........≈≈Z....
.........~≈~....
........~~≈~~...
##+####.~≈≈≈~.+#


You could see a white imp (fleeing) and 2 centaur warrior simulacra.

Vanquished Creatures
  Harold (D:9)
  4 two-headed ogres
  Sonja (D:11)
  Pikel (D:8)
  An ugly thing (D:9)
  2 unseen horrors (D:11)
  A komodo dragon (D:11)
  A troll (D:11)
  A meliai (D:8)
  Grinder (D:5)
  2 hornets (D:9)
  Sigmund (D:3)
  3 slime creatures
  3 shadows (D:11)
  A vampire (D:11)
  A wyvern (D:7)
  A wraith (D:11)
  Eustachio (D:5)
  Grum (D:11)
  2 steam dragons (D:7)
  Menkaure (D:4)
  A water moccasin (D:6)
  Duvessa (D:4)
  2 ice beasts
  An orc warrior (D:9)
  2 black bears
  4 ogres
  4 wolves (D:11)
  A phantom (D:6)
  7 centaurs
  2 kobold brigands (D:9)
  A bullfrog (D:9)
  2 necrophages
  A gnoll sergeant (D:9)
  4 scorpions
  3 wights (D:8)
  Dowan (D:4)
  4 killer bees
  2 howler monkeys
  An electric eel (D:12)
  2 human zombies (Ossuary)
  2 centaur zombies (Ossuary)
  2 jellies
  4 orc priests
  A gnoll bouda (D:5)
  4 hounds
  Terence (D:2)
  Jessica (D:2)
  Ijyb (D:4)
  2 iguanas
  8 orc wizards
  4 mummies (Ossuary)
  10 gnolls
  9 adders
  A shadow imp (D:7)
  3 worms
  34 orcs
  5 endoplasms
  2 giant cockroaches
  2 gnoll zombies (Ossuary)
  14 goblins
  11 hobgoblins
  6 jackals
  7 kobolds
  6 quokkas
  7 ball pythons
  6 bats
  A kobold zombie (Ossuary)
  An orc zombie (Ossuary)
  3 rats
235 creatures vanquished.

Notes
Turn   | Place    | Note
-------+----------+-------------------------------------------
     0 | D:1      | karrick the Gargoyle Fighter began the quest for the Orb.
     0 | D:1      | Reached XP level 1. HP: 14/14 MP: 1/1
   184 | D:1      | Reached XP level 2. HP: 17/19 MP: 2/2
   722 | D:2      | Reached skill level 2 in Axes
   817 | D:2      | Reached XP level 3. HP: 21/23 MP: 3/3
   903 | D:2      | Noticed Terence
   913 | D:2      | Killed Terence
   914 | D:2      | Reached XP level 4. HP: 23/29 MP: 4/4
  1103 | D:2      | Found a basalt altar of Yredelemnul.
  1114 | D:2      | Noticed Jessica
  1125 | D:2      | Killed Jessica
  1339 | D:3      | Reached skill level 3 in Axes
  1354 | D:3      | Identified the +2 pair of gloves of an ossuary {rF+ Slay+2}
  1484 | D:3      | Reached XP level 5. HP: 33/33 MP: 5/5
  1683 | D:3      | Noticed Sigmund
  1693 | D:3      | Killed Sigmund
  1694 | D:3      | Reached skill level 4 in Axes
  1694 | D:3      | Reached XP level 6. HP: 21/39 MP: 6/6
  2362 | D:4      | Reached XP level 7. HP: 44/44 MP: 7/7
  2678 | D:4      | Reached skill level 5 in Fighting
  2938 | D:4      | Noticed Ijyb
  2948 | D:4      | Upgraded the game from 0.30-a0-739-gea05faddec to
                  | 0.30-a0-743-gbfdf073431
  2967 | D:5      | Entered Level 5 of the Dungeon
  3000 | D:5      | Reached skill level 5 in Axes
  3069 | D:5      | Found a sand-covered staircase.
  3071 | D:5      | Noticed Grinder
  3079 | Ossuary  | Entered an ossuary
  3195 | Ossuary  | Reached skill level 5 in Armour
  3342 | Ossuary  | Reached skill level 1 in Stealth
  3407 | D:5      | Killed Grinder
  3408 | D:5      | Reached skill level 6 in Axes
  3408 | D:5      | Reached XP level 8. HP: 42/51 MP: 8/8
  3617 | D:5      | Found a blossoming altar of Fedhas.
  3701 | D:5      | Found Ipnyczop's Assorted Antiques.
  3701 | D:5      | Noticed Eustachio
  3727 | D:5      | Killed Eustachio
  3837 | D:5      | Bought 2 golden potions for 63 gold pieces
  3837 | D:5      | Bought a scroll labelled LUXTAOVEHO for 35 gold pieces
  3837 | D:5      | Bought a scroll labelled AZXUOC HEETHRA for 35 gold pieces
  4140 | D:5      | Reached skill level 7 in Axes
  4390 | D:5      | Found a glowing golden altar of the Shining One.
  4571 | D:5      | Reached XP level 9. HP: 55/55 MP: 9/9
  4713 | D:4      | Noticed Menkaure
  4723 | D:4      | Killed Menkaure
  4724 | D:4      | Reached skill level 8 in Axes
  4926 | D:4      | Killed Ijyb
  4977 | D:4      | Noticed Duvessa
  4977 | D:4      | Noticed Dowan
  4998 | D:4      | Killed Duvessa
  5001 | D:4      | Killed Dowan
  5441 | D:6      | Reached skill level 5 in Shields
  5529 | D:6      | Reached skill level 9 in Axes
  5819 | D:6      | Found a staircase to the Ecumenical Temple.
  5829 | Temple   | Entered the Ecumenical Temple
  5979 | Temple   | Became a worshipper of Warmaster Okawaru
  6088 | D:7      | Found a broken altar of Ashenzari.
  6101 | D:7      | HP: 1/56 [wyvern (13)]
  6610 | D:7      | Reached XP level 10. HP: 63/63 MP: 10/10
  6756 | D:7      | Reached * piety under Okawaru
  7068 | D:8      | Reached skill level 10 in Axes
  7136 | D:8      | Found a sacrificial altar of Ru.
  7163 | D:8      | Noticed Pikel
  7175 | D:8      | Killed Pikel
  7408 | D:8      | Reached ** piety under Okawaru
  8025 | D:9      | Noticed a two-headed ogre
  8050 | D:8      | Killed a two-headed ogre
  8225 | D:9      | Noticed Harold
  8227 | D:9      | Noticed a two-headed ogre
  8244 | D:9      | Noticed a green ugly thing
  8391 | D:9      | Noticed a two-headed ogre
  8404 | D:9      | Killed a two-headed ogre
  8505 | D:9      | Reached skill level 11 in Axes
  8641 | D:8      | HP: 2/64 [two-headed ogre/+0 dire flail (19)]
  8649 | D:8      | Killed a two-headed ogre
  8649 | D:8      | Reached *** piety under Okawaru
  8650 | D:8      | Reached XP level 11. HP: 44/69 MP: 11/11
  9065 | D:9      | Killed Harold
  9070 | D:9      | Killed a green ugly thing
  9529 | D:10     | Entered Level 10 of the Dungeon
  9634 | D:10     | Noticed a two-headed ogre
  9656 | D:11     | HP: 1/69 [something (5)]
  9664 | D:11     | HP: 1/71 [something (8)]
  9665 | D:11     | Reached **** piety under Okawaru
 10025 | D:11     | Noticed a two-headed ogre
 10046 | D:11     | Killed a two-headed ogre
 10047 | D:11     | Reached skill level 1 in Invocations
 10119 | D:11     | Noticed Grum
 10145 | D:11     | Killed Grum
 10327 | D:11     | Reached ***** piety under Okawaru
 10365 | D:11     | Reached skill level 12 in Axes
 10429 | D:11     | Noticed Sonja
 10451 | D:11     | Killed Sonja
 10645 | D:12     | Demolished by a centaur warrior simulacrum

Illustrated notes

Levels and vault maps discovered:
D:1:      wander_arrival_chamber, layout_basic
D:2:      layout_loops_cross, basic_altar, uniq_terence, uniq_jessica
D:3:      minmay_general_purpose_star, layout_basic, saegor_snake_ambush,
          uniq_sigmund
D:4:      kennysheep_the_goblin_king, layout_gridville, uniq_ijyb,
          uniq_menkaure, uniq_duvessa
D:5:      layout_loops_ring, mainiacjoe_overflow_concentric_impassable,
          mainiacjoe_overflow_brackets, lightli_ossuary_entry_decrepit_ruins,
          serial_shops, shop, nicolae_sextant, hex_tiny, dk_vineyard_2,
          uniq_grinder, uniq_eustachio
D:6:      layout_cave_pools, minmay_temple_entry_poolview
D:7:      layout_loops_ring, lemuel_tele_altar
D:8:      layout_loops_ring, nicolae_ru_sacrificial_ziggurat,
          minmay_three_doors, uniq_pikel
D:9:      hangedman_cross_stitches, layout_loops_ring, uniq_harold
D:10:     minmay_stone_box, layout_gridville, grunt_lair_entry_orc_guard_hut,
          uniq_lodul
D:11:     layout_rooms, uniq_sonja, uniq_grum, uniq_erica
D:12:     layout_grid_maze, orc_david_3, serial_ice, serial_ice_l, serial_ice_o,
          serial_ice_g, serial_ice_d, nemelex_lonely_heart_becter, uniq_frances,
          uniq_snorg, uniq_erolcha
Temple:   nicolae_temple_bog_church

Skill      XL: |  1  2  3  4  5  6  7  8  9 10 11 |
---------------+----------------------------------+-----
Axes           | 2 3 4 6 7 9 11 12 | 12.1
Armour         | 4 5 6 8 9 |  9.4
Fighting       | 4 5 6 7 8 9 |  9.8
Shields        | 4 5 6 7 |  7.5
Stealth        | 1 2 3 |  3.3
Invocations    | 1 |  1.2
Unarmed Combat | |  0.2

Action                     |  1- 3 |  4- 6 |  7- 9 | 10-12 || total
---------------------------+-------+-------+-------+-------++-------
  Melee: War axe           |    62 |   119 |   321 |       ||   502
         Unarmed           |       |       |     6 |       ||     6
         Hand axe          |       |       |    40 |   250 ||   290
 Invoke: Heroism           |       |       |       |     5 ||     5
    Use: Potion            |       |     1 |     1 |     5 ||     7
         Scroll            |       |       |    15 |     5 ||    20
 Armour: Scale mail        |    22 |    69 |   178 |    18 ||   287
         Ring mail         |       |       |    71 |   174 ||   245
  Dodge: Dodged            |    38 |    69 |   214 |   148 ||   469
  Block: Buckler           |     9 |    19 |    81 |   109 ||   218

Table legend: (Time is in decaauts)
 A = Elapsed time spent in this place.
 B = Non-inter-level travel time spent in this place.
 C = Inter-level travel time spent in this place.
 D = Time resting spent in this place.
 E = Time spent auto-exploring this place.
 F = Levels seen in this place.
 G = Mean time per level.
                   A        B        C        D        E       F      G
               +--------+--------+--------+--------+--------+-----+--------+
         Total |  10850 |  10524 |    326 |    241 |   8066 |  14 |  775.0 |
       Dungeon |  10341 |  10046 |    295 |    241 |   7749 |  12 |  861.8 |
        Temple |    178 |    147 |     31 |      0 |    129 |   1 |  178.0 |
       Ossuary |    330 |    330 |      0 |      0 |    187 |   1 |  330.0 |
               +--------+--------+--------+--------+--------+-----+--------+

Top non-repeatable levels by time:
     D:5: 1440 daAuts
     D:9: 1423 daAuts
     D:4: 1127 daAuts
     D:3: 1126 daAuts
     D:8: 1070 daAuts
     D:7: 1054 daAuts
    D:11: 989 daAuts
     D:6: 688 daAuts
     D:1: 681 daAuts
     D:2: 605 daAuts
 Ossuary: 330 daAuts
  Temple: 178 daAuts
    D:10: 116 daAuts
    D:12: 17 daAuts
